 Dungeon Crawl Stone Soup version 0.28-a0-655-g4eb62b627b (webtiles) character file.

Game seed: 13206450165626756926

682 Zenkrye the Cudgeller (level 7, -13/57 HPs)
             Began as a Palentonga Fighter on Oct 12, 2021.
             Was a Plaything of Xom.
             Mangled by Pikel (15 damage)
             ... on level 5 of the Dungeon.
             The game lasted 00:08:02 (2994 turns).

Zenkrye the Cudgeller (Palentonga Fighter)          Turns: 2994, Time: 00:08:03

Health: -13/57     AC: 14    Str: 21    XL:     7   Next: 34%
Magic:  5/5        EV:  7    Int: 17    God:    Xom [.*....]
Gold:   241        SH:  5    Dex:  9    Spells: 6/6 levels left

rFire   . . .      SeeInvis +   f - +9 demon whip (antimagic)
rCold   . . .      Faith    .   c - +1 buckler
rNeg    . . .      Spirit   .   b - +0 scale mail
rPois   .          Reflect  .   p - +1 hat {Int+3}
rElec   .          Harm     .   (no cloak)
rCorr   .          Rampage  .   (no gloves)
Will    +....                   (no barding)
Stlth   ..........              (no amulet)
HPRegen 0.19/turn               t - ring of willpower
MPRegen 0.09/turn               o - ring "Qifriw" {MP+9 Int+5}

@: curled up
A: large, rugged brown scales 3, see invisible, deformed body, roll 1, armoured
tail, reflexive curl
a: Rolling Charge, Renounce Religion


You were on level 5 of the Dungeon.
You worshipped Xom.
You were a plaything of Xom.
You visited 1 branch of the dungeon, and saw 5 of its levels.

You collected 241 gold pieces.

Inventory:

Hand Weapons
 f - a +9 antimagic demon whip (weapon)
Missiles
 e - 17 poisoned darts (quivered)
Armour
 b - a +0 scale mail (worn)
 c - a +1 buckler (worn)
 h - a +0 helmet
 p - a +1 hat of intelligence (worn)
 q - a +0 cloak
Jewellery
 o - the ring "Qifriw" (right hand) {MP+9 Int+5}
   (You acquired it on level 3 of the Dungeon)

   [ring of magical power]

   Int:       It affects your intelligence (+5).
   MP:        It affects your magic capacity (+9).
 t - a ring of willpower (left hand)
 w - a ring of wizardry
Wands
 s - a wand of flame (15)
Scrolls
 d - a scroll of enchant weapon
 n - a scroll of enchant armour
 r - 2 scrolls of immolation
 v - a scroll of magic mapping
Potions
 a - a potion of haste {unknown}
 g - a potion of lignification {unknown}
 i - 2 potions of curing {unknown}
 j - a potion of heal wounds {unknown}
 k - a potion of brilliance {unknown}
 l - a potion of mutation {unknown}
 m - a potion of magic {unknown}


   Skills:
 + Level 4.0 Fighting
 * Level 6.9 Maces & Flails
 + Level 3.2 Armour
 + Level 3.2 Shields


You had 6 spell levels left.
You didn't know any spells.
Your spell library contained the following spells:

 Spells                   Type           Power      Damage    Failure   Level
 Animate Skeleton         Necr           0%         N/A       54%         1
 Apportation              Tloc           0%         N/A       54%         1
 Summon Small Mammal      Summ           0%         N/A       54%         1
 Gell's Gravitas          Tloc           0%         N/A       88%         3
 Lesser Beckoning         Tloc           0%         N/A       88%         3
 Teleport Other           Tloc           0%         N/A       88%         3


Dungeon Overview and Level Annotations

Branches:
Dungeon (5/15)
 Temple: D:4-7

Altars:
Ashenzari
Cheibriados
Xom

Shops:
D:3 ?

Annotations:
D:5 Pikel


Innate Abilities, Weirdness & Mutations

You are completely covered in rugged brown scales. (AC +3, +7% HP)
You have supernaturally acute eyesight. (SInv)
Armour fits poorly on your strangely shaped body.
You can roll at nearby foes to attack.
You have a long armoured tail.
You curl defensively after being hit.


Message History

Pikel is lightly wounded.
You hit Pikel.
Pikel is lightly wounded.
Pikel zaps a wand.
The puff of flame misses you.
You hit Pikel.
Pikel is moderately wounded.
You block Pikel's attack.
You hit Pikel.
Your tail-slap misses Pikel.
Pikel is moderately wounded.
You closely miss Pikel. You tail-slap Pikel.
Pikel is heavily wounded.
Pikel hits you with a +2 whip of electrocution!
You hit Pikel.
Pikel is heavily wounded.
Pikel zaps a wand.
The puff of flame hits you!
You whack Pikel!
Pikel is severely wounded.
A lemure comes into view.
Pikel hits you with a +2 whip of electrocution!
You are electrocuted!!
* * * LOW HITPOINT WARNING * * *
Okay, then.
Unknown command.
You closely miss Pikel.
Pikel is severely wounded.
The lemure shouts! "Hum-dee-hum-dee-hum..."
Pikel suddenly seems more agile.
You closely miss Pikel.
Pikel is severely wounded.
Xom gives a demonstration of destructive might.
Pikel is outlined in light.
The lemure is outlined in light. x2
You block Pikel's attack.
You barely miss Pikel.
Pikel is severely wounded.
Pikel hits you with a +2 whip of electrocution.
* * * LOW HITPOINT WARNING * * *
You are electrocuted!
You die...
Xom roars with laughter!

#.........<........#
#####...###.......##
##.## #.####.## #.#
#.# #.# #.# #.# #.#
##.# #.# #.# #..#
#.# #.# ##.#####.#
#.# ## ####
#.55K@...# #.# ##.
.... #.(####### #..
.. #..#####..# #.
.#K5.5.....# #.
#.....5.....# #.
.....######### ##
####


You could see Pikel (agile, corona) and 2 lemures.

Vanquished Creatures
  A water moccasin (D:5)
  An ogre (D:5)
  2 lemures (D:5)
  A phantom (D:4)
  2 scorpions
  A wyvern skeleton (D:5)
  3 orc priests
  An iguana (D:4)
  An orc wizard (D:4)
  3 adders
  A white imp (D:5)
  3 ufetubi
  A dart slug (D:3)
  8 orcs
  4 endoplasms
  3 giant cockroaches
  3 goblins
  9 hobgoblins
  A jackal (D:2)
  A quokka (D:2)
  4 ball pythons
  5 bats
  A frilled lizard (D:2)
  3 kobolds
  4 rats
67 creatures vanquished.

Vanquished Creatures (others)
  2 fungi
  4 plants (D:5)
  4 toadstools (D:3)
10 creatures vanquished.

Grand Total: 77 creatures vanquished

Notes
Turn   | Place    | Note
-------+----------+-------------------------------------------
     0 | D:1      | Zenkrye the Palentonga Fighter began the quest for the Orb.
     0 | D:1      | Reached XP level 1. HP: 19/19 MP: 1/1
   353 | D:1      | Reached XP level 2. HP: 24/25 MP: 2/2
   423 | D:1      | Reached skill level 3 in Maces & Flails
   431 | D:1      | Found a faded altar of an unknown god.
   475 | D:1      | Prayed at the altar of an unknown god.
   475 | D:1      | Became a worshipper of Xom of Chaos
   499 | D:1      | XOM: divination: detect items
   539 | D:1      | XOM: fog
   599 | D:1      | Identified a scroll of acquirement
   599 | D:1      | Acquired a +6 antimagic demon whip
   637 | D:2      | XOM: 3-stop teleportation journey
   702 | D:2      | XOM: god gift: trident {god gift}
   753 | D:2      | XOM: scenery: create altars
   887 | D:2      | Reached XP level 3. HP: 28/31 MP: 1/3
   984 | D:2      | XOM: divination: detect creatures
  1297 | D:3      | Found Waibe's Magic Scroll Shop.
  1369 | D:3      | Reached skill level 4 in Maces & Flails
  1444 | D:3      | Acquired the ring "Qifriw" {MP+9 Int+5}
  1452 | D:3      | XOM: god gift: +1 hat of intelligence
  1485 | D:3      | Found a broken altar of Ashenzari.
  1687 | D:4      | Reached XP level 4. HP: 28/37 MP: 4/4
  1770 | D:4      | Noticed a scorpion
  1770 | D:4      | XOM: 4-stop teleportation journey
  1984 | D:4      | Noticed a phantom
  1985 | D:4      | XOM: enchant monster (good)
  2019 | D:4      | Killed a phantom
  2020 | D:4      | Reached skill level 5 in Maces & Flails
  2020 | D:4      | Reached XP level 5. HP: 42/43 MP: 4/5
  2194 | D:4      | XOM: cleaving
  2376 | D:4      | Reached skill level 6 in Maces & Flails
  2376 | D:4      | Reached XP level 6. HP: 50/50 MP: 5/6
  2631 | D:5      | Entered Level 5 of the Dungeon
  2677 | D:5      | Found a snail-covered altar of Cheibriados.
  2716 | D:5      | XOM: 5-stop teleportation journey
  2780 | D:5      | XOM: god gift: book of Cantrips
  2785 | D:5      | Noticed a water moccasin
  2790 | D:5      | Killed a water moccasin
  2791 | D:5      | Gained mutation: You curl defensively after being hit.
                  | [Palentonga growth]
  2791 | D:5      | Reached XP level 7. HP: 56/56 MP: 5/7
  2798 | D:5      | XOM: cast spell 'Olgreb's Toxic Radiance'
  2852 | D:5      | XOM: god gift: book of Displacement
  2962 | D:5      | Noticed Pikel
  2992 | D:5      | XOM: enchant monster (bad)
  2993 | D:5      | XOM: fake destruction
  2994 | D:5      | HP: 2/57 [Pikel (3)]
  2994 | D:5      | Mangled by Pikel

Illustrated notes

Levels and vault maps discovered:
D:1:      shiori_arrival_oz, layout_basic, dreamdust_ecumenical_altar_statues
D:2:      layout_rooms, minmay_increasing_density
D:3:      layout_rooms, cheibrodos_ashenzari_chains, serial_shops, shop,
          minmay_gold_behind_fungi
D:4:      layout_basic, amethyst_killhole
D:5:      layout_loops_ring, nicolae_hepliaklqana_hazy_memory,
          grunt_qazlal_clouds, mainiacjoe_overflow_chevrons,
          kennysheep_little_box, minmay_joined_circles, uniq_pikel

Skill      XL: |  1  2  3  4  5  6  7 |
---------------+----------------------+-----
Maces & Flails | 3 4 5 6 |  6.9
Armour         | 3 |  3.2
Shields        | 3 |  3.2
Fighting       | 4 |  4.0

Action                   |  1- 3 |  4- 6 |  7- 9 || total
-------------------------+-------+-------+-------++-------
Melee: Flail             |    34 |       |       ||    34
       Tailslap          |     7 |     3 |     3 ||    13
       Demon whip        |    52 |    35 |    32 ||   119
Throw: Dart              |    13 |       |     2 ||    15
  Use: Scroll            |     8 |     2 |       ||    10
       Potion            |       |     1 |       ||     1
 Stab: Sleeping          |       |     1 |       ||     1
Armor: Scale mail        |    34 |    13 |     4 ||    51
Dodge: Dodged            |    21 |     6 |     6 ||    33
Block: Buckler           |     9 |     1 |     5 ||    15

Table legend: (Time is in decaauts)
 A = Elapsed time spent in this place.
 B = Non-inter-level travel time spent in this place.
 C = Inter-level travel time spent in this place.
 D = Time resting spent in this place.
 E = Time spent auto-exploring this place.
 F = Levels seen in this place.
 G = Mean time per level.
                   A        B        C        D        E       F      G
               +--------+--------+--------+--------+--------+-----+--------+
         Total |   2981 |   2896 |     85 |     79 |   2355 |   5 |  596.2 |
       Dungeon |   2981 |   2896 |     85 |     79 |   2355 |   5 |  596.2 |
               +--------+--------+--------+--------+--------+-----+--------+

Top non-repeatable levels by time:
     D:4: 943 daAuts
     D:1: 645 daAuts
     D:2: 644 daAuts
     D:3: 394 daAuts
     D:5: 353 daAuts
